 Dungeon Crawl Stone Soup version 0.30-a0-728-gc68057be0a (webtiles) character file.

Game seed: 2765352009029579060

132 testman the Trooper (level 4, -7/42 HPs)
             Began as a Minotaur Fighter on Jan 30, 2023.
             Mangled by a gnoll
             ... wielding a +0 halberd
              (8 damage)
             ... on level 2 of the Dungeon.
             The game lasted 00:04:32 (1024 turns).

testman the Trooper (Minotaur Fighter)              Turns: 1024, Time: 00:04:33

Health: -7/42      AC:  6    Str: 22    XL:     4   Next: 92%
Magic:  12/12      EV: 10    Int:  5    God:
Gold:   107        SH:  4    Dex: 10    Spells: 3/3 levels left

rFire   . . .      SeeInvis +    a - +0 war axe
rCold   . . .      Faith    .    c - +0 buckler
rNeg    . . .      Spirit   .    q - +3 leather armour of Oklysma {MP+9 SInv}
rPois   .          Reflect  .    (helmet restricted)
rElec   .          Harm     .    (no cloak)
rCorr   .          Rampage  .    (no gloves)
Will    .....                    (no boots)
Stlth   +                        k - amulet of magic regeneration
HPRegen 0.27/turn                (no ring)
MPRegen 0.53/turn                (no ring)

@: mighty
A: horns 2, retaliatory headbutt
a: no special abilities


You were on level 2 of the Dungeon.
You visited 1 branch of the dungeon, and saw 3 of its levels.

You collected 107 gold pieces.

Inventory:

Hand Weapons
 a - a +0 war axe (weapon)
Armour
 c - a +0 buckler (worn)
 q - the +3 leather armour of Oklysma (worn) {MP+9 SInv}
   (You found it on level 3 of the Dungeon)

   MP:        It affects your magic capacity (+9).
   SInv:      It lets you see invisible.
Jewellery
 b - a ring of resist corrosion
 k - an amulet of magic regeneration (around neck)
Wands
 m - a wand of flame (22)
Scrolls
 f - 2 scrolls of identify {unknown}
 g - 2 scrolls of fog {unknown}
 h - 5 scrolls of teleportation {unknown}
 i - a scroll of vulnerability {unknown}
 o - a scroll of amnesia {unknown}
 p - a scroll of enchant armour {unknown}
Potions
 d - a potion of might
 e - a potion of curing {unknown}
 j - a potion of degeneration {unknown}
 l - 2 potions of flight {unknown}
 n - a potion of heal wounds {unknown}


   Skills:
 + Level 5.3 Fighting
 + Level 4.5 Axes
 - Level 3.6 Armour
 - Level 4.0 Shields


You had 3 spell levels left.
You didn't know any spells.
Your spell library was empty.

Dungeon Overview and Level Annotations

Branches:
Dungeon (3/15)

Altars:


Innate Abilities, Weirdness & Mutations

You have a pair of horns on your head.
You reflexively headbutt those who attack you in melee.


Message History

No target in view!
No target in view! 3 gnolls come into view.
Found an escape hatch in the ceiling.
The gnoll shouts! x3
The gnoll hits you but does no damage. The gnoll hits you with a +0 spear.
The gnoll closely misses you.
You slash the gnoll!
The gnoll is severely wounded.
A gnoll comes into view. It is wielding a +0 halberd.
The gnoll hits you with a +0 spear.
The gnoll hits you from afar with a +0 spear.
The gnoll hits you but does no damage.
The gnoll shouts!
You slash the gnoll!
You kill the gnoll!
You block the gnoll's attack. The gnoll hits you but does no damage.
The gnoll hits you from afar with a +0 spear. x2
The gnoll closely misses you.
The gnoll hits you from afar with a +0 halberd!
The gnoll hits you with a +0 spear.
Things that are here:
a +0 spear; a gnoll corpse You slash the gnoll!
Your headbutt misses the gnoll.
The gnoll is heavily wounded.
You hit the gnoll but do no damage. The gnoll hits you with a +0 spear.
* * * LOW HITPOINT WARNING * * *
The gnoll hits you from afar with a +0 halberd.
* * * LOW HITPOINT WARNING * * *
The gnoll closely misses you.
You feel very mighty all of a sudden. The gnoll hits you with a +0 spear.
* * * LOW HITPOINT WARNING * * *
The gnoll closely misses you. x2
You barely miss the gnoll.
The gnoll is heavily wounded.
You slash the gnoll! The gnoll hits you with a +0 spear.
* * * LOW HITPOINT WARNING * * *
The gnoll hits you from afar with a +0 halberd!
You die...

#.....# #.....#
##.....# #...[..#
##......#
#<.g..>.# #g##
#gg# ##@# #.# #.#
#.# #.# #.##
###..######
#.........########
#................#


You could see 3 gnolls.

Vanquished Creatures
  Jessica (D:2)
  2 orc wizards (D:3)
  A gnoll (D:2)
  An adder (D:2)
  A worm (D:3)
  A dart slug (D:1)
  An orc (D:3)
  4 bats
  An endoplasm (D:1)
  4 giant cockroaches
  A goblin (D:3)
  4 hobgoblins
  3 kobolds
  3 ball pythons
  4 frilled lizards
  2 rats
34 creatures vanquished.

Notes
Turn   | Place    | Note
-------+----------+-------------------------------------------
     0 | D:1      | testman the Minotaur Fighter began the quest for the Orb.
     0 | D:1      | Reached XP level 1. HP: 19/19 MP: 0/0
   194 | D:1      | Reached XP level 2. HP: 27/27 MP: 1/1
   401 | D:1      | Found a faded altar of an unknown god.
   552 | D:2      | Noticed Jessica
   558 | D:2      | Reached skill level 4 in Fighting
   563 | D:2      | Killed Jessica
   564 | D:2      | Reached XP level 3. HP: 34/34 MP: 2/2
   606 | D:2      | You fall into a shaft and drop 1 floor!
   636 | D:3      | Identified the +3 leather armour of Oklysma {MP+9 SInv}
   910 | D:3      | Reached XP level 4. HP: 37/41 MP: 3/3
   918 | D:3      | Reached skill level 5 in Fighting
  1024 | D:2      | HP: 1/42 [gnoll/+0 spear (2)]
  1024 | D:2      | Mangled by a gnoll

Illustrated notes

Levels and vault maps discovered:
D:1:      minmay_arrival_loop, layout_rooms,
          hellmonk_ecumenical_altar_leap_of_faith
D:2:      cheibrodos_old_hovel, layout_rooms, minmay_close_crescents,
          uniq_robin, uniq_jessica
D:3:      layout_rooms

Skill      XL: |  1  2  3  4 |
---------------+-------------+-----
Fighting       | 4 5 |  5.3
Shields        | 4 |  4.0
Axes           | 3 4 |  4.5
Armour         | |  3.6

Action                     |  1- 3 |  4- 6 || total
---------------------------+-------+-------++-------
  Melee: War axe           |    66 |    17 ||    83
         Headbutt          |     5 |     1 ||     6
    Use: Potion            |       |     1 ||     1
 Armour: Scale mail        |    27 |       ||    27
         Leather armour    |    13 |     8 ||    21
  Dodge: Dodged            |    29 |    14 ||    43
  Block: Buckler           |    19 |     4 ||    23

Table legend: (Time is in decaauts)
 A = Elapsed time spent in this place.
 B = Non-inter-level travel time spent in this place.
 C = Inter-level travel time spent in this place.
 D = Time resting spent in this place.
 E = Time spent auto-exploring this place.
 F = Levels seen in this place.
 G = Mean time per level.
                   A        B        C        D        E       F      G
               +--------+--------+--------+--------+--------+-----+--------+
         Total |   1052 |   1025 |     27 |      0 |    778 |   3 |  350.7 |
       Dungeon |   1052 |   1025 |     27 |      0 |    778 |   3 |  350.7 |
               +--------+--------+--------+--------+--------+-----+--------+

Top non-repeatable levels by time:
     D:1: 539 daAuts
     D:3: 338 daAuts
     D:2: 175 daAuts
